 Dungeon Crawl Stone Soup version 0.17-a0-1184-gb75be8f (webtiles) character file.

176 Kidiri the Insei (level 5, -1/28 HPs)
             Began as a Vine Stalker Monk on June 1, 2015.
             Slain by a sky beast (2 damage)
             ... on level 5 of the Dungeon.
             The game lasted 00:22:05 (3977 turns).

Kidiri the Insei (Vine Stalker Monk)                Turns: 3977, Time: 00:22:06

Health: -1/28      AC:  5    Str: 18    XL:     5   Next: 56%
Magic:  0/6        EV: 13    Int: 10    God:
Gold:   178        SH:  0    Dex: 18    Spells: 0 memorised, 4 levels left

rFire  . . .     SeeInvis .       - Unarmed
rCold  . . .     Clarity  .     f - +0 leather armour
rNeg   . . .     SustAt   .     (no shield)
rPois  .         Gourm    .     p - +1 helmet
rElec  .         Spirit   +     (no cloak)
rCorr  .         Warding  .     (no gloves)
rMut   .         Stasis   .     (no boots)
MR     .....                    (no amulet)
Stlth  +++.......               (no ring)
                                (no ring)

@: mighty, about to teleport, not resistant to hostile enchantments, fairly
stealthy
A: fangs 2, regeneration 1, magic shield, antimagic bite, no device heal 3, rot
immunity
a: no special abilities


You were on level 5 of the Dungeon.
You were not hungry.

You visited 1 branch of the dungeon, and saw 5 of its levels.

You collected 178 gold pieces.

Inventory:

Armour
 f - a +0 leather armour (worn)
 p - a +1 helmet (worn)
Potions
 a - a potion of flight {unknown}
 c - 2 potions of curing
 h - a potion of resistance {unknown}
 j - a potion of poison {unknown}
 l - a potion of berserk rage {unknown}
Books
 i - a Necronomicon {highlevel, unknown}

   This book is beyond your current level of understanding.

   Spells                             Type                      Level
   a - Haunt                          Necromancy/Summoning         7
   b - Borgnjor's Revivification      Necromancy                   8
   c - Death's Door                   Charms/Necromancy            8
   d - Necromutation                  Transmutation/Necromancy     8
Comestibles
 b - 3 bread rations
 g - a meat ration
 k - 4 chunks of flesh


   Skills:
 * Level 3.5 Fighting
 + Level 0.7 Armour
 * Level 3.0 Dodging
 * Level 4.2 Stealth
 * Level 4.8 Unarmed Combat


You had 4 spell levels left.
You didn't know any spells.

Dungeon Overview and Level Annotations

Branches:
Dungeon (5/15)
 Temple: D:4-7

Altars:


Innate Abilities, Weirdness & Mutations

You have extremely sharp teeth.
Your natural rate of healing is unusually fast.
When hurt, damage is shared between your health and your magic reserves.
Your bite disrupts and absorbs the magic of your enemies.
Potions and wands cannot restore your health.
You are immune to rotting.


Message History

Something shocks you.
You miss something. You bite something. You drain its power.
You feel invigorated. Something hits you. Something shocks you.
* * * LOW HITPOINT WARNING * * *
Drink which item? (? for menu, Esc to quit)
You feel very mighty all of a sudden. Something hits you but does no damage.
You hit something. Your bite misses something. Something hits you.
* * * LOW HITPOINT WARNING * * *
Something shocks you.
* * * LOW HITPOINT WARNING * * *
You miss something. You bite something. You drain its power.
You feel invigorated. Something hits you. Something shocks you.
* * * LOW HITPOINT WARNING * * *
Drink which item? (? for menu, Esc to quit)
You have no ailments to cure.
Read which item? (? for menu, Esc to quit)
As you read the scroll of teleportation, it crumbles to dust.
You feel strangely unstable. Something hits you.
You die...

#....# ...##...#
#...$##...##...+
#..........<...#
#..............#
#..............#
#.≈..##...##...#
#'#####... #...###
#{...##...##......
#@...#............
#....+............
####'##...##'#####
#....##...##<..#
#..............+
#..............#
#..............#
#....####.##...#
#....# #.##...#


There were no monsters in sight!

Vanquished Creatures
  2 iguanas (D:4)
  3 adders
  An ooze (D:4)
  2 worms
  4 giant geckos
  7 orcs
  5 giant cockroaches
  6 goblins
  12 hobgoblins
  2 jackals (D:3)
  16 bats
  7 giant newts
  9 kobolds
  5 rats
81 creatures vanquished.

Notes
Turn   | Place    | Note
--------------------------------------------------------------
     0 | D:1      | Kidiri the Vine Stalker Monk began the quest for the Orb.
     0 | D:1      | Reached XP level 1. HP: 11/11 MP: 2/2
   219 | D:1      | Reached XP level 2. HP: 16/16 MP: 3/3
  1091 | D:2      | Reached XP level 3. HP: 15/19 MP: 4/4
  1981 | D:2      | Reached XP level 4. HP: 16/24 MP: 3/5
  3369 | D:4      | Reached XP level 5. HP: 9/28 MP: 1/6
  3906 | D:5      | Entered Level 5 of the Dungeon
  3955 | D:5      | Noticed a sky beast
  3976 | D:5      | HP: 1/28 [something (1)]
  3977 | D:5      | Slain by a sky beast

Vault maps used:
D:1:      lightli_arrival_statuegarden, hangedman_decor_lopped,
          serial_bayou_lagoon_b
D:2:      grunt_ministairs_6
D:4:      first_bread, minmay_lizard_king
D:5:      minmay_temple_entry_nine_rooms, basic_altar, serial_shops, shop,
          kennysheep_generic_room_16

Action                   |  1- 3 |  4- 6 || total
-------------------------+-------+-------++-------
Melee: Unarmed           |   127 |   133 ||   260
  Use: Scroll            |       |     9 ||     9
       Potion            |       |     5 ||     5
 Stab: Sleeping          |     8 |     6 ||    14
       Distracted        |       |     1 ||     1
  Eat: Chunk             |     3 |     2 ||     5
       Meat ration       |       |     1 ||     1
